[Event "*** SCC Grand Prix: Titled Tuesday Blitz"]
[Site "Chess.com"]
[Date "2020.08.25"]
[Round "7"]
[White "GlennTipton"]
[Black "RusPakhom"]
[Result "1/2-1/2"]
[WhiteElo "2429"]
[BlackElo "2283"]
[TimeControl "180+1"]
[EndTime "11:22:44 PDT"]
[Termination "Game drawn - insufficient material"]

1. e4 c5 2. Nc3 g6 3. f4 Nc6 4.
Nf3 Bg7 5. Bb5 Nd4 6. Bd3 d6 7. O-O Bg4 8. Be2 Nxe2+ 9. Nxe2 e6 10. c3 Ne7 11. d4 cxd4 12. Nexd4 O-O 13. h3 Bxf3 14.
Qxf3 e5 15. fxe5 dxe5 16. Nb3 Nc6 17. Be3 Qc7 18. Rad1 Rfd8 19. Bg5 Rxd1 20. Rxd1 a5 21. Qf2 a4 22. Nc5 f6 23. Rd7 Qc8 24. Rxg7+ Kxg7 25. Qxf6+ Kg8 26. Bh6 Qc7 27. Qe6+ Qf7 28. Qxf7+ Kxf7 29. Nxb7 Rb8 30. Nd6+ Ke6 31. Nc4 Rd8 32. Bd2 Na5 33. Nxa5 Rxd2 34. Nc4 Re2 35. Kf1 Rxe4 36. b3 axb3 37.
axb3 Kd5 38. Nb2 Re3 39. Nd1 Rd3 40. Ke2 e4 41. Ne3+ Kc5 42. Nd1 Rd8 43. Nf2 Rb8 44. Nxe4+ Kd5 45. Nd2 Ra8 46. Kd3 Ra2 47. b4 Rb2 48.
c4+ Kc6 49. b5+ Kc5 50. Ne4+ Kb6 51. g3 Rh2 52. h4 Rg2 53. Kd4 Rg1 54. Ke5 Rc1 55.
Kd5 Rd1+ 56. Ke5 Rc1 57. Kd4 Rd1+ 58. Kc3 Rc1+ 59. Kb3 Re1 60. Ng5 Re3+ 61. Kb4 Rxg3 62. c5+ Kb7 63. c6+ Kb6 64. Ne6 Rg4+ 65. Kc3 Kxb5 66.
c7 Rc4+ 67. Kd3 Rc1 68. Ke4 Kb6 69. Ke5 Rc6 70. Kf6 h6 71. Kf7 g5 72. hxg5 hxg5 73. Nxg5 Rxc7+ 74. Kf6 Rc1 75. Kf5 Kc5 76. Kf4 Kd5 77.
Kf5 Rf1+ 78. Kg4 Ke5 79. Nf3+ Ke4 80. Ng5+ Ke3 81. Ne6 Rg1+ 82. Kf5 Ra1 83. Ke5 Ra5+ 84. Kd6 Ke4 85. Nc5+ Kd4 86. Nb3+ Kd3 87. Nxa5 1/2-1/2

[Event "*** SCC Grand Prix: Titled Tuesday Blitz"]
[Site "Chess.com"]
[Date "2020.08.25"]
[Round "7"]
[White "ZenBull"]
[Black "Vamostodorecto"]
[Result "0-1"]
[WhiteElo "2131"]
[BlackElo "2327"]
[TimeControl "180+1"]
[EndTime "11:22:55 PDT"]
[Termination "Vamostodorecto won by checkmate"]

1. Nf3 d5 2. d4 Nc6 3. Bf4 Nf6 4. e3 e6 5. c4 Bb4+ 6. Nc3 Ne4 7. Rc1 Qe7 8. Bd3 Nxc3 9. bxc3 Ba3 10. Rc2 O-O 11. O-O dxc4 12. Bxc4 Na5 13. Bd3 Bd7 14. Ne5 Ba4 15.
Qh5 g6 16. Nxg6 fxg6 17. Qxa5 Bxc2 18. Bxc2 Bd6 19. Bg3 Bxg3 20. hxg3 b6 21. Qe5 Qd6 22.
Qe4 Qd5 23. Qxd5 exd5 24. Bb3 c6 25. e4 Rad8 26. e5 Kf7 27. f4 Ke6 28. Kf2 c5 29.
Ke3 c4 30. Bd1 b5 31. g4 a5 32. f5+ Ke7 33. f6+ Kf7 34. g5 b4 35. Bg4 Rfe8 36. e6+ Rxe6+ 37. Bxe6+ Kxe6 38. f7 Rf8 39. Rf6+ Ke7 40.
Ra6 bxc3 41. Rxa5 Rxf7 42. Rxd5 c2 43. Kd2 Rf2+ 44. Kc1 Rxg2 45. a4 Ke6 46. Rc5 Kd6 47.
a5 Rg1+ 48. Kxc2 Ra1 49. Kc3 Ra4 50. Kc2 Ke6 51. Kb2 Kd6 52. Kc2 Ke6 53. Kd2 Kd6 54. Ke3 Ke6 55. Ke4 Kd6 56. Rc8 Rxa5 57. Rxc4 Rxg5 58.
Ra4 Rg4+ 59. Ke3 Rg3+ 60. Kf4 Rh3 61. Ra5 Ke6 62. Kg4 Rh1 63. Kf4 Rg1 64. Re5+ Kd6 65. Ra5 h5 66. Ra6+ Kd5 67. Ra4 Rg4+ 68. Kf3 Rxd4 69.
Ra5+ Ke6 70. Ra6+ Kf5 71. Ra5+ Kf6 72. Ra6+ Kg5 73. Ra5+ Kh6 74. Ra8 Rg4 75. Ra6 Kg5 76. Ra5+ Kh6 77. Ra1 Rg5 78. Kf4 Rf5+ 79. Kg3 Rg5+ 80.
Kh4 Rg4+ 81. Kh3 Rd4 82. Ra5 Rd3+ 83. Kh4 Rd4+ 84. Kh3 h4 85. Kh2 g5 86. Kh3 Kh5 87. Kh2 Rd3 88. Kg2 h3+ 89. Kh2 Kh4 90. Ra4+ g4 91.
Ra8 Rd2+ 92. Kg1 Kg3 93. Ra3+ Kh4 94. Ra8 Rg2+ 95. Kh1 Rc2 96. Kg1 Kg3 97. Ra3+ Kf4 98. Ra8 g3 99. Ra4+ Kf3 100. Ra3+ Kg4 101. Ra4+ Kf5 102.
Ra5+ Ke4 103. Ra4+ Kd5 104. Ra5+ Kd4 105. Ra4+ Rc4 106. Ra1 Ke3 107. Ra3+ Kf4 108. Ra1 Re4 109. Rf1+ Kg4 110. Ra1 h2+ 111. Kg2 Re2+ 112. Kh1 Rf2 113. Rb1 Kh3 114. Rb3 Rf1# 0-1

[Event "*** SCC Grand Prix: Titled Tuesday Blitz"]
[Site "Chess.com"]
[Date "2020.08.25"]
[Round "7"]
[White "Alexander_Zubov"]
[Black "BillieKimbah"]
[Result "1/2-1/2"]
[WhiteElo "2958"]
[BlackElo "2897"]
[TimeControl "180+1"]
[EndTime "11:23:01 PDT"]
[Termination "Game drawn by repetition"]

1. d4 Nf6 2. c4 e6 3. Nf3 d5 4.
Nc3 Bb4 5. cxd5 exd5 6. Bg5 Nbd7 7. Rc1 h6 8. Bh4 g5 9. Bg3 Ne4 10. Nd2 Nxg3 11. hxg3 Nb6 12. e3 c6 13. Bd3 Be6 14.
a3 Bd6 15. Qc2 Qe7 16. Na4 Nxa4 17. Qxa4 Kf8 18. Qc2 Qf6 19. Nb3 Re8 20. Nc5 Bc8 21.
Qe2 Kg7 22. b4 Re7 23. Kd1 Rc7 24. Qf3 Qe7 25. Bf5 b6 26. Nd3 a5 27. Bxc8 Rhxc8 28. Ke2 axb4 29. axb4 Qe6 30. g4 c5 31. dxc5 bxc5 32.
bxc5 Bxc5 33. Qf5 Qxf5 34. gxf5 Be7 35. Rxc7 Rxc7 36. g4 Bf6 37. Rd1 Rc4 38. Kf3 Rc3 39. Kg2 Rc4 40. Kg3 Rc3 41. Kf3 Rc4 42. Ne1 Rc5 43. Rd3 Be5 44. Kg2 Kf6 45. Nf3 Rc4 46. Kh3 Rc5 47. Nd2 Rb5 48. Kg2 Ke7 49. Kf3 Kf6 50. Ke2 Ke7 51. Nf3 Kf6 52. Nd2 Ke7 53. Kf3 Kf6 54. Ra3 Rb6 55. Ra5 Rd6 56. Rb5 h5 57.
Rc5 h4 58. Kg2 Ke7 59. Ne4 dxe4 60. Rxe5+ Kf6 61. Rxe4 Rd2 62. Rb4 Rc2 63. Rb6+ Kg7 64. Rb7 Re2 65. Rb1 Kf6 66. Rf1 Rc2 67. Kf3 Rc3 68.
Rd1 Rb3 69. Rd4 Ra3 70. Kg2 Rb3 71. Rc4 Ra3 72. Rc6+ Kg7 73. Rc4 Rb3 74. Re4 Kf6 75. Kh3 Rb1 76. Kg2 Rb2 77. Rd4 Rb3 78. Rd5 Rb2 79. e4 Re2 80. Kf3 Re1 81. Kg2 Rxe4 82. Kh3 Rf4 83. Rd2 Rf3+ 84. Kg2 Ra3 85. Re2 Rb3 86.
Kh2 Rc3 87. Kg2 Ra3 88. Kh2 Ra4 89. Kh3 Rc4 90. Rd2 Rf4 91. Re2 Rc4 92. Re3 Rb4 93. Re2 Ra4 94. Re3 Rc4 95. Re2 Rd4 96. Re3 Rd5 97. Rf3 Ke5 98. Kg2 Ke4 99. Ra3 Rd4 100. Ra7 Kf4 101. Rxf7 Kxg4 102. f6 Rf4 103. Rf8 Kh5 104.
f7 Kg6 105. Rg8+ Kxf7 106. Rxg5 Kf6 107. Rh5 Kg6 108. Rh8 Kg7 109. Rh5 Kg6 110. Rh8 Kg7 111. Rh5 Kg6 1/2-1/2

[Event "*** SCC Grand Prix: Titled Tuesday Blitz"]
[Site "Chess.com"]
[Date "2020.08.25"]
[Round "7"]
[White "Siemba"]
[Black "katchesskat"]
[Result "1-0"]
[WhiteElo "2477"]
[BlackElo "2268"]
[TimeControl "180+1"]
[EndTime "11:23:06 PDT"]
[Termination "Siemba won by resignation"]

1. e4 c5 2. Nf3 e6 3. d4 cxd4 4. Bg5 a6 5. Bxd8 Kxd8 6. Nxd4 Bb4+ 7. c3 Be7 8. Bd3 b5 9. O-O Bb7 10. a4 bxa4 11. Qxa4 Nc6 12. Nxc6+ Bxc6 13. Qa5+ Ke8 14. Nd2 h5 15. Nc4 h4 16. Nb6 Rb8 17. Qxa6 h3 18. g3 Nf6 19. Rfe1 Nh5 20. Qa7 Rd8 21. e5 Nxg3 22. fxg3 Bc5+ 23. Kf1 Rh5 24. b4 Bg2+ 25. Ke2 Be7 26. Kd2 d6 27. exd6 Bxd6 28. Kc2 Kf8 29.
Be4 g6 30. Re2 Re5 31. Rae1 Bb8 32. Nd7+ Ke7 33. Nxb8+ Kf6 34. Bxg2 hxg2 35. Rxe5 g1=Q 36. Nd7+ Rxd7 37. Qxd7 Qf2+ 38. R5e2 Qf5+ 39. Kb2 Kg7 40. Rxe6 Qf2+ 41. R6e2 Qf5 42. Qxf5 gxf5 43. Rf2 Kf6 44. Rf4 Kg5 45. Ref1 f6 46. Rxf5+ Kg4 47. Rxf6 Kh3 48. R1f2 Kg4 49. c4 Kg5 50. c5 Kg4 51. b5 Kg5 52. c6 Kg4 53. b6 Kh3 54. b7 Kg4 55. Kc2 Kg5 56. Kd1 Kg4 57. Ke1 Kg5 58.
Kf1 Kg4 59. Kg1 Kg5 60. R6f3 Kg4 61. Kg2 Kg5 62. h3 Kg6 63. Rf5 Kg7 64. g4 Kg6 65. h4 Kg7 66. c7 Kg6 67. Kg3 Kg7 68. Kh3 Kg6 69. Kh2 Kg7 70. Kh1 Kg6 71. Kg1 Kg7 72.
Kf1 Kg6 73. Ke1 Kg7 74. Kd1 Kg6 75. Kc1 Kg7 76. Kb1 Kg6 77. Ka1 Kg7 78. Ka2 Kg6 79.
Kb2 Kg7 80. Kc2 Kg6 81. Kd2 Kg7 82. Ke2 Kg6 83. Ke3 Kg7 84. Kd3 Kg6 85. Kc3 Kg7 86.
Kb3 Kg6 87. Ka3 Kg7 88. Ka4 Kg6 89. Kb4 Kg7 90. Kc4 Kg6 91. Kd4 Kg7 92. Ke4 Kg6 93. Ke5 Kg7 94. Kd5 Kg6 95. Kc5 Kg7 96. Kb5 Kg6 97. Ka5 Kg7 98. h5 Kh6 99. Ka6 Kg7 100.
Kb6 Kh6 101. Kc6 Kg7 102. Kd6 Kh6 103. Ke6 Kg7 104. Ke5 Kh6 105. Ke4 Kg7 106. Ke3 Kh6 107. Kd4 Kg7 108. Kc4 Kh6 109. Kb4 Kg7 110. Ka4 Kh6 111. Ka3 Kg7 112. Kb3 Kh6 113. Kc3 Kg7 114. Kd3 Kh6 115. Kc2 Kg7 116. Kb2 Kh6 117. Ka2 Kg7 118. Ka1 Kh6 119. Kb1 Kg7 120. Kc1 Kh6 121. Kd1 Kg7 122. Ke1 Kh6 123. Kf1 Kg7 124. Kg1 Kh6 125. Kh1 Kg7 126. Kh2 Kh6 127. Kh3 Kg7 128. Rf1 Kh6 129. Kg3 Kg7 130. Kg2 Kh6 131. Kf2 Kg7 132. Kf3 Kh6 133. Ke3 Kg7 134. Ke2 Kh6 135. Kd2 Kg7 136. Kd3 Kh6 137. Kc3 Kg7 138. Kc2 Kh6 139. Kb2 Kg7 140. Kb3 Kh6 141. Ka3 Kg7 142. Ka4 Kh6 143. Ka5 Kh7 144. g5 Kh8 145. Ka6 Kg8 146. Kb6 Kg7 147. Kb5 Kh8 148. Kc6 Kg8 149. Kc5 Kh8 150. Kd6 Kg8 151. Kd5 Kh8 152. Ke6 Kg8 153. Ke5 Kg7 154. Ke4 Kh7 155. Kd4 Kg7 156. Kc4 Kh7 157. Kb4 Kg7 158. Ka4 Kh7 159. Ka3 Kg7 160. Kb3 Kh7 161. Kc3 Kg8 162. Kd3 Kh8 163. Ke3 Kg8 164. Ke2 Kh8 165. Kd2 Kg8 166. Kc2 Kh8 167. Kb2 Kg8 168. Ka2 Kh8 169. Ka1 Kg8 170. Kb1 Kg7 171. Kc1 Kh7 172. Kd1 Kg7 173. Ke1 Kh7 174. R1f2 Kg7 175. Kf1 Kg8 176. Kg1 Kh8 177. Kh1 Kh7 178. Kh2 Kh8 179. Kg2 Kh7 180. Kg3 Kg7 181. R2f4 Kg8 182. Kf3 Kh8 183. Ke2 Kh7 1-0

[Event "*** SCC Grand Prix: Titled Tuesday Blitz"]
[Site "Chess.com"]
[Date "2020.08.25"]
[Round "8"]
[White "ChessWarrior3"]
[Black "Region_07"]
[Result "0-1"]
[WhiteElo "2125"]
[BlackElo "2377"]
[TimeControl "180+1"]
[EndTime "11:31:33 PDT"]
[Termination "Region_07 won by resignation"]

1. e4 Nc6 2. d4 d5 3. e5 f6 4.
f4 Bf5 5. c3 e6 6. Bd3 Nh6 7.
Nf3 Be7 8. O-O O-O 9. Kh1 fxe5 10. Nxe5 Nxe5 11. fxe5 Bxd3 12. Qxd3 Nf5 13. Bf4 Qe8 14.
Nd2 Qg6 15. Nf3 Ng3+ 0-1

[Event "*** SCC Grand Prix: Titled Tuesday Blitz"]
[Site "Chess.com"]
[Date "2020.08.25"]
[Round "8"]
[White "Kildepiotr"]
[Black "Bigfish1995"]
[Result "0-1"]
[WhiteElo "2647"]
[BlackElo "3044"]
[TimeControl "180+1"]
[EndTime "11:31:50 PDT"]
[Termination "Bigfish1995 won by resignation"]

1. Nf3 Nc6 2. g3 Nb8 3. Bg2 Nc6 4. O-O Nb8 5. d4 Nc6 6. d5 Nb8 7. e4 g6 8. c4 Bg7 9. Nc3 d6 10. Re1 Bg4 11. h3 Bxf3 12. Qxf3 Nd7 13. Be3 c6 14. Qe2 Ngf6 15. f4 cxd5 16. cxd5 O-O 17. Rac1 a6 18. a4 Qa5 19. Bd4 Qb4 20. Qf2 Ng4 21.
hxg4 Bxd4 22. Re3 Nc5 23. Ne2 Nd3 0-1

[Event "*** SCC Grand Prix: Titled Tuesday Blitz"]
[Site "Chess.com"]
[Date "2020.08.25"]
[Round "8"]
[White "TomasKapitanchuk"]
[Black "SzMM19"]
[Result "0-1"]
[WhiteElo "2393"]
[BlackElo "2524"]
[TimeControl "180+1"]
[EndTime "11:32:00 PDT"]
[Termination "SzMM19 won by checkmate"]

1. e4 c5 2. Nf3 a6 3. c4 Nc6 4.
d4 cxd4 5. Nxd4 e5 6. Nc2 Nf6 7.
Nc3 Bc5 8. Be2 O-O 9. O-O d6 10.
Be3 Bxe3 11. Nxe3 Be6 12. Ned5 Bxd5 13. exd5 Nd4 14. Rc1 Rc8 15. Bd3 Qa5 16. Re1 b5 17.
cxb5 axb5 18. b3 b4 19. Na4 Rxc1 20. Qxc1 Qxd5 21. Qc7 Nf3+ 22. gxf3 Qxd3 23. Re3 Qd1+ 24.
Kg2 Nd5 25. Qd7 Nf4+ 26. Kg3 Qg1+ 27. Kh4 g5# 0-1

[Event "*** SCC Grand Prix: Titled Tuesday Blitz"]
[Site "Chess.com"]
[Date "2020.08.25"]
[Round "8"]
[White "ZenBull"]
[Black "kidagent"]
[Result "1/2-1/2"]
[WhiteElo "2136"]
[BlackElo "2247"]
[TimeControl "180+1"]
[EndTime "11:32:09 PDT"]
[Termination "Game drawn by agreement"]

1. Nf3 Nf6 2. c4 c6 3. d4 d5 4.
Nc3 dxc4 5. a4 Bf5 6. Ne5 e6 7. Nxc4 Bb4 8. e3 O-O 9. Bd3 Bxd3 10. Qxd3 Nbd7 11. O-O Nc5 12. Qe2 Nce4 13. Nxe4 Nxe4 14.
Rd1 Qh4 15. Nd2 Nxd2 16. Bxd2 Bxd2 17. Rxd2 Rfd8 1/2-1/2

[Event "*** SCC Grand Prix: Titled Tuesday Blitz"]
[Site "Chess.com"]
[Date "2020.08.25"]
[Round "8"]
[White "Maksimus1998"]
[Black "XDPS"]
[Result "0-1"]
[WhiteElo "2598"]
[BlackElo "2734"]
[TimeControl "180+1"]
[EndTime "11:32:12 PDT"]
[Termination "XDPS won by resignation"]

1. e4 e5 2. Nf3 Nc6 3. Bb5 a6 4. Ba4 d6 5. O-O Bd7 6. Re1 Nf6 7. c3 g6 8. d4 Bg7 9. d5 Ne7 10. Bxd7+ Qxd7 11. c4 O-O 12. Nc3 h6 13. c5 Nh5 14.
cxd6 cxd6 15. Na4 Nc8 16. Be3 b5 17. Nd2 bxa4 0-1

[Event "*** SCC Grand Prix: Titled Tuesday Blitz"]
[Site "Chess.com"]
[Date "2020.08.25"]
[Round "8"]
[White "rasmussvane"]
[Black "Ali_rastbod"]
[Result "1-0"]
[WhiteElo "2856"]
[BlackElo "2678"]
[TimeControl "180+1"]
[EndTime "11:32:14 PDT"]
[Termination "rasmussvane won by resignation"]

1. Nf3 d5 2. g3 Bg4 3. Bg2 Nd7 4. h3 Bh5 5. O-O c6 6. d4 e6 7. c4 f5 8. Qb3 Qb6 9. Qe3 Bf7 10. Ng5 Ke7 11.
cxd5 cxd5 12. Nc3 Ngf6 13. Nxd5+ Nxd5 14. Bxd5 h6 15. Nxf7 Kxf7 16. Bb3 Nf6 17. Qf3 Rd8 18. Qxf5 1-0

[Event "*** SCC Grand Prix: Titled Tuesday Blitz"]
[Site "Chess.com"]
[Date "2020.08.25"]
[Round "8"]
[White "monalize"]
[Black "IMAghasiyevKamal"]
[Result "0-1"]
[WhiteElo "2283"]
[BlackElo "2430"]
[TimeControl "180+1"]
[EndTime "11:32:31 PDT"]
[Termination "IMAghasiyevKamal won by resignation"]

1. e4 e5 2. Nf3 Nc6 3. d4 exd4 4. Nxd4 Bc5 5. Nb3 Bb6 6. Nc3 Nf6 7. a4 a5 8. Nd5 Nxd5 9. exd5 Qf6 10. Qe2+ Ne7 11. c4 d6 12. h4 h6 13. Bg5 hxg5 14. hxg5 Qxf2+ 0-1

[Event "*** SCC Grand Prix: Titled Tuesday Blitz"]
[Site "Chess.com"]
[Date "2020.08.25"]
[Round "8"]
[White "IvanSoriano1"]
[Black "DishonorOnYourCow"]
[Result "1-0"]
[WhiteElo "2572"]
[BlackElo "2350"]
[TimeControl "180+1"]
[EndTime "11:32:34 PDT"]
[Termination "IvanSoriano1 won by resignation"]

1. Nf3 d5 2. c4 c6 3. g3 Nf6 4. Bg2 g6 5. O-O Bg7 6. Qc2 O-O 7. d3 Nbd7 8. Rd1 e5 9. Nc3 b6 10. Bg5 Bb7 11. Rac1 Rc8 12. e4 h6 13. Bxf6 Bxf6 14. Qd2 d4 15. Ne2 Bg7 16. Nh4 c5 17. Rf1 f5 18. Nxg6 Rf6 19. exf5 Bxg2 20. Kxg2 Rxf5 21. f4 exf4 22. Nexf4 Ne5 23. Ne6 Qf6 24. Rxf5 Qxf5 25. Ne7+ 1-0

[Event "*** SCC Grand Prix: Titled Tuesday Blitz"]
[Site "Chess.com"]
[Date "2020.08.25"]
[Round "8"]
[White "Skatchkov_V"]
[Black "GOGIEFF"]
[Result "0-1"]
[WhiteElo "2695"]
[BlackElo "2858"]
[TimeControl "180+1"]
[EndTime "11:32:41 PDT"]
[Termination "GOGIEFF won by resignation"]

1. d4 Nf6 2. c4 e6 3. Nf3 d5 4.
g3 dxc4 5. Bg2 Bb4+ 6. Bd2 a5 7.
O-O O-O 8. e3 Ra6 9. a4 c5 10. Qc2 cxd4 11. Nxd4 e5 12. Nb5 Be6 13. Rd1 Qe7 14. N1a3 Rc8 15. Rac1 h5 16. b3 Bxa3 0-1

[Event "*** SCC Grand Prix: Titled Tuesday Blitz"]
[Site "Chess.com"]
[Date "2020.08.25"]
[Round "8"]
[White "ErikBlomqvist"]
[Black "AGW2016"]
[Result "1-0"]
[WhiteElo "2513"]
[BlackElo "2362"]
[TimeControl "180+1"]
[EndTime "11:32:46 PDT"]
[Termination "ErikBlomqvist won by resignation"]

1. e4 c5 2. Nf3 d6 3. d4 cxd4 4.
Qxd4 a6 5. Be2 Nc6 6. Qe3 Nf6 7.
O-O Bg4 8. Rd1 Bxf3 9. Bxf3 e6 10. c4 Qc7 11. b3 Be7 12. Nc3 O-O 13. Bb2 Rab8 14.
Rac1 Rfd8 15. Nd5 exd5 16. cxd5 Qa5 17. dxc6 bxc6 18. e5 dxe5 19. Bxe5 Rxd1+ 20. Rxd1 Rd8 21. Bc3 Rxd1+ 22. Bxd1 Bb4 23. Qf4 Nd7 24. Bxb4 1-0

[Event "*** SCC Grand Prix: Titled Tuesday Blitz"]
[Site "Chess.com"]
[Date "2020.08.25"]
[Round "8"]
[White "AldokhinIvan"]
[Black "ZverevLev"]
[Result "1-0"]
[WhiteElo "2535"]
[BlackElo "2350"]
[TimeControl "180+1"]
[EndTime "11:32:47 PDT"]
[Termination "AldokhinIvan won by resignation"]

1. d4 Nf6 2. c4 e6 3. Nc3 Bb4 4. e3 d5 5. Ne2 O-O 6. a3 Be7 7. cxd5 exd5 8. b4 c6 9. Ng3 Be6 10. Bd3 Nbd7 11. O-O b5 12. f3 a5 13. Rb1 axb4 14. axb4 Nb6 15. Nce2 Qd7 16. e4 Ne8 17. Qc2 h6 18. e5 Ra3 19. Bxa3 1-0

[Event "*** SCC Grand Prix: Titled Tuesday Blitz"]
[Site "Chess.com"]
[Date "2020.08.25"]
[Round "8"]
[White "StephenDedalus83"]
[Black "AlexSuv"]
[Result "0-1"]
[WhiteElo "2713"]
[BlackElo "2500"]
[TimeControl "180+1"]
[EndTime "11:32:49 PDT"]
[Termination "AlexSuv won by resignation"]

1. e4 c5 2. Nf3 e6 3. Nd4 cxd4 4. c3 Nc6 5. Bb5 Nf6 6. e5 Nxe5 7. O-O dxc3 8. bxc3 Be7 9. d4 Nc6 10. Bd3 O-O 11.
Nd2 d6 12. Nf3 e5 13. Be2 Bg4 14. h3 Bh5 15. d5 Na5 16. Be3 b6 17. c4 Rc8 18. Rc1 Ne4 19. g4 Bg6 20. Ne1 f5 21. f3 Ng3 22. Rf2 fxg4 23. hxg4 Nxe2+ 24. Qxe2 Bg5 25. Ng2 Bxe3 26. Nxe3 Qg5 27. Kg2 e4 0-1

[Event "*** SCC Grand Prix: Titled Tuesday Blitz"]
[Site "Chess.com"]
[Date "2020.08.25"]
[Round "8"]
[White "rugbyclub"]
[Black "GodDMuhammad"]
[Result "0-1"]
[WhiteElo "2162"]
[BlackElo "2284"]
[TimeControl "180+1"]
[EndTime "11:33:03 PDT"]
[Termination "GodDMuhammad won by resignation"]

1. e4 c6 2. d4 d5 3. e5 Bf5 4.
h4 h5 5. Bd3 Bxd3 6. Qxd3 e6 7.
Bg5 Qb6 8. Nc3 c5 9. Nf3 Nc6 10. dxc5 Bxc5 11. O-O Nge7 12. Na4 Qa5 13. Nxc5 Qxc5 14.
Bxe7 Qxe7 15. c3 a6 16. Rfe1 b5 17. b4 Rc8 18. a4 bxa4 19. Rxa4 O-O 20. Ng5 g6 21.
Rxa6 Qc7 22. Nf3 Ne7 23. Rc1 Qc4 24. Qe3 Qxa6 0-1

[Event "*** SCC Grand Prix: Titled Tuesday Blitz"]
[Site "Chess.com"]
[Date "2020.08.25"]
[Round "8"]
[White "aNaartjieZA"]
[Black "Jungle_Jaguar"]
[Result "0-1"]
[WhiteElo "2465"]
[BlackElo "2634"]
[TimeControl "180+1"]
[EndTime "11:33:12 PDT"]
[Termination "Jungle_Jaguar won by resignation"]

1. e4 e5 2. Nf3 Nc6 3. Bc4 Nf6 4. d3 Bc5 5. O-O d6 6. c3 a6 7. Bb3 Ba7 8. Nbd2 O-O 9. h3 h6 10. Re1 Re8 11. Nf1 Be6 12. Ng3 Qd7 13. Bxe6 Qxe6 14. Nh4 d5 15. Qf3 dxe4 16. dxe4 Ne7 17. Nhf5 Ng6 18.
h4 Rad8 19. h5 Nf8 20. Nxh6+ gxh6 21. Nf5 Kh8 22. Bxh6 N8h7 23. Bg7+ Kg8 24. Qg3 Nxh5 25. Qg4 Qg6 26. Qh3 Nxg7 27. Nh6+ Kf8 28. Rad1 Rxd1 29.
Rxd1 Ng5 0-1

[Event "*** SCC Grand Prix: Titled Tuesday Blitz"]
[Site "Chess.com"]
[Date "2020.08.25"]
[Round "8"]
[White "GoldenShare"]
[Black "Chessdemon2019"]
[Result "1-0"]
[WhiteElo "2499"]
[BlackElo "2362"]
[TimeControl "180+1"]
[EndTime "11:33:14 PDT"]
[Termination "GoldenShare won on time"]

1. e4 c5 2. Nc3 Nc6 3. Bb5 g6 4. Bxc6 dxc6 5. f4 Bg7 6. Nf3 Bg4 7. O-O Nf6 8. d3 O-O 9. Qe1 Bxf3 10. Rxf3 Qd4+ 11. Kh1 Qd7 12. f5 e6 13. e5 Nd5 14.
f6 Bh8 15. Qh4 Nxc3 16. bxc3 c4 17. Qh6 cxd3 18. Rh3 1-0

[Event "*** SCC Grand Prix: Titled Tuesday Blitz"]
[Site "Chess.com"]
[Date "2020.08.25"]
[Round "8"]
[White "Pikachess999"]
[Black "pastouche06"]
[Result "1/2-1/2"]
[WhiteElo "2401"]
[BlackElo "2509"]
[TimeControl "180+1"]
[EndTime "11:33:17 PDT"]
[Termination "Game drawn by agreement"]

1. e4 c6 2. d4 d5 3. Nc3 dxe4 4. Nxe4 Nf6 5. Nxf6+ exf6 6. c3 Bd6 7. Bd3 O-O 8. Qc2 Re8+ 9. Ne2 h5 10. O-O h4 11.
Bf4 Na6 12. Qd2 Nc7 13. Bxd6 Qxd6 14. Qf4 Qxf4 15. Nxf4 Ne6 16. Rfe1 Bd7 17. Nxe6 Bxe6 18. f3 Bd7 19. Kf2 g5 20. a4 Kf8 21. a5 Rxe1 22.
Rxe1 Re8 23. Ra1 Be6 24. Ra4 Rd8 25. Bc4 Ke7 1/2-1/2

[Event "*** SCC Grand Prix: Titled Tuesday Blitz"]
[Site "Chess.com"]
[Date "2020.08.25"]
[Round "8"]
[White "Mikasinski"]
[Black "JesseKraai"]
[Result "1-0"]
[WhiteElo "2365"]
[BlackElo "2528"]
[TimeControl "180+1"]
[EndTime "11:33:27 PDT"]
[Termination "Mikasinski won by resignation"]

1. e4 d6 2. d4 Nf6 3. Nc3 e5 4. Nf3 Nbd7 5. Bc4 Be7 6. O-O c6 7. a3 O-O 8. Re1 b5 9. Ba2 Bb7 10. h3 a6 11. Bg5 Re8 12. Qd2 h6 13. Bxh6 gxh6 14. Qxh6 Nh7 15. dxe5 dxe5 16. Rad1 Qc7 17. Rxd7 Qxd7 18. Bxf7+ Kh8 19. Nxe5 Qd6 20. Ng6+ Qxg6 21. Bxg6 1-0

[Event "*** SCC Grand Prix: Titled Tuesday Blitz"]
[Site "Chess.com"]
[Date "2020.08.25"]
[Round "8"]
[White "Balla_Tamas"]
[Black "vovachesss"]
[Result "0-1"]
[WhiteElo "2452"]
[BlackElo "2583"]
[TimeControl "180+1"]
[EndTime "11:33:45 PDT"]
[Termination "vovachesss won by resignation"]

1. e4 g6 2. d4 Bg7 3. Bc4 b6 4. Nf3 Bb7 5. Qe2 e6 6. Bb3 c5 7. c3 Ne7 8. O-O O-O 9. Rd1 cxd4 10. cxd4 d6 11. Nc3 Nbc6 12. d5 exd5 13. Nxd5 Na5 14. Nxe7+ Qxe7 15. Bd5 Rae8 16. Bf4 Bxd5 17. Rxd5 Qxe4 18.
Qxe4 Rxe4 19. Bxd6 Rd8 20. Rad1 Bxb2 21. Bc7 Rxd5 22.
Rxd5 Rc4 0-1

[Event "*** SCC Grand Prix: Titled Tuesday Blitz"]
[Site "Chess.com"]
[Date "2020.08.25"]
[Round "8"]
[White "ExtremeLearner"]
[Black "Rytenko_V"]
[Result "0-1"]
[WhiteElo "2397"]
[BlackElo "2518"]
[TimeControl "180+1"]
[EndTime "11:33:54 PDT"]
[Termination "Rytenko_V won by resignation"]

1. d4 Nf6 2. Nf3 g6 3. g3 Bg7 4. Bg2 O-O 5. O-O d6 6. b3 Nc6 7. Bb2 a5 8. c4 a4 9. Nc3 a3 10. Bc1 e5 11. Bg5 h6 12. Bxf6 Bxf6 13. e3 exd4 14. exd4 Bg4 15. Ne2 Re8 16. h3 Rxe2 17. hxg4 Qe7 18. Ne5 Nxd4 19. Qxd4 Bxe5 20. Qd3 Bxa1 21.
Rxa1 Re1+ 22. Rxe1 Qxe1+ 23. Kh2 Qxf2 24. Qd5 Re8 25. Qxb7 Re2 26. Kh3 Rxa2 0-1

[Event "*** SCC Grand Prix: Titled Tuesday Blitz"]
[Site "Chess.com"]
[Date "2020.08.25"]
[Round "8"]
[White "LiemLe"]
[Black "Hikaru"]
[Result "1/2-1/2"]
[WhiteElo "2952"]
[BlackElo "3214"]
[TimeControl "180+1"]
[EndTime "11:34:05 PDT"]
[Termination "Game drawn by agreement"]

1. d4 Nf6 2. Nf3 d5 3. c4 e6 4. g3 Bb4+ 5. Bd2 Be7 6. Bg2 O-O 7. O-O c6 8. Qc2 b6 9. Rd1 Nbd7 10. Bf4 Ba6 11.
cxd5 cxd5 12. Ne5 Nxe5 13. dxe5 Nd7 14. e4 Rc8 15. Nc3 d4 16. Rxd4 Qc7 17. Rad1 Rfd8 18. h4 Nb8 19. Rxd8+ Rxd8 20. Rxd8+ Qxd8 21. Qd2 Qxd2 22. Bxd2 Nc6 23. f4 Bc5+ 24. Kh2 Nb4 25. a3 Nd3 26.
Bf1 Nxe5 27. Bxa6 Nf3+ 28. Kg2 Nxd2 29. e5 Bd4 30. Nb5 Bxb2 31. a4 1/2-1/2

[Event "*** SCC Grand Prix: Titled Tuesday Blitz"]
[Site "Chess.com"]
[Date "2020.08.25"]
[Round "8"]
[White "ZarinaShafigullina"]
[Black "brute4ever"]
[Result "0-1"]
[WhiteElo "2313"]
[BlackElo "2505"]
[TimeControl "180+1"]
[EndTime "11:34:11 PDT"]
[Termination "brute4ever won by resignation"]

1. d4 d5 2. Nf3 Nf6 3. g3 c6 4. Bg2 Bf5 5. O-O e6 6. c4 h6 7.
Nc3 Be7 8. Nd2 O-O 9. e4 dxe4 10. Ndxe4 Nbd7 11. Be3 Nxe4 12. Nxe4 Nf6 13. Nc3 Rc8 14. Qb3 Qd7 15. Rac1 a6 16. Rfd1 b5 17. d5 bxc4 18. dxc6 Qxc6 19. Bxc6 cxb3 20. Bb7 Rb8 21. Bxa6 bxa2 22.
Nxa2 Rxb2 23. Nc3 Ra8 24. Bd3 Bg4 25. Rd2 Rxd2 26. Bxd2 Rd8 0-1

[Event "*** SCC Grand Prix: Titled Tuesday Blitz"]
[Site "Chess.com"]
[Date "2020.08.25"]
[Round "8"]
[White "FMalexhdez"]
[Black "LubovMarkelova"]
[Result "1-0"]
[WhiteElo "2170"]
[BlackElo "2182"]
[TimeControl "180+1"]
[EndTime "11:34:12 PDT"]
[Termination "FMalexhdez won by resignation"]

1. e4 f6 2. d4 Kf7 3. Bc4+ e6 4. Nc3 Bb4 5. Nf3 Bxc3+ 6. bxc3 d5 7. Bd3 Ne7 8. O-O c5 9. c4 cxd4 10. cxd5 e5 11. Ba3 h5 12. c4 Bg4 13. h3 Bxf3 14.
Qxf3 Nd7 15. c5 Ng6 16. c6 bxc6 17. dxc6 Nb6 18. Rfc1 Rc8 19. Qd1 Nf4 20. Qb3+ Kg6 21. Bf1 Rc7 22. g3 Rh6 23. gxf4 Kh7 24. f5 g6 25. Qe6 Rg7 26. c7 Rxc7 27. Rxc7+ Qxc7 28. Qxf6 gxf5 29. Qxf5+ Rg6+ 30. Kh1 Qc3 31. Rc1 Qxa3 32.
Rc6 Kh6 1-0